 Seeded DCSS version 0.29.1-15-g9cfb28693d (webtiles) character file.

Game seed: 2784268049900414584 (custom seed)

24954 greynaab the Schismatic (level 13, -5/68 HPs)
             Began as a Gargoyle Abyssal Knight on Apr 21, 2023.
             Was an Elder of Lugonu.
             Killed from afar by Fannar (34 damage)
             ... with a bolt of cold
             ... on level 2 of the Lair of Beasts.
             The game lasted 00:35:14 (14896 turns).

greynaab the Schismatic (Gargoyle Abyssal Knight)  Turns: 14896, Time: 00:35:14

Health: -5/68      AC: 18    Str: 21    XL:     13   Next: 16%
Magic:  26/26      EV: 18    Int: 16    God:    Lugonu [****..]
Gold:   843        SH:  0    Dex: 16    Spells: 6/12 levels left

rFire   . . .      SeeInvis .   b - +11 quarterstaff of Chance {freeze, rElec Int+4}
rCold   . . .      Faith    .   (shield currently unavailable)
rNeg    + . .      Spirit   .   g - +0 steam dragon scales
rPois   ∞          Reflect  .   (no helmet)
rElec   +          Harm     .   (no cloak)
rCorr   .          Rampage  .   B - +1 Delatra's gloves {ID++}
Will    .....                   (no boots)
Stlth   +.........              (no amulet)
HPRegen 0.21/turn               j - +4 ring of evasion
MPRegen 0.20/turn               m - +6 ring of dexterity

@: no status effects
A: sickness immunity, AC +9, negative energy resistance 1, electricity
resistance, torment resistance 1, petrification resistance
a: Renounce Religion, Depart the Abyss, Bend Space, Banish, Corrupt


You were on level 2 of the Lair of Beasts.
You worshipped Lugonu.
Lugonu was greatly pleased with you.
You visited 2 branches of the dungeon, and saw 14 of its levels.
You visited the Abyss 1 time.
You also visited: Ossuary.

You collected 843 gold pieces.

Inventory:

Hand Weapons
 a - the +7 lajatang of Order {silver, rMut}
   (You found it on level 2 of the Dungeon)

   It inflicts extra damage upon those it strikes, and deals substantially
   increased damage to chaotic, mutated and magically transformed beings.
   rMut:      It protects you from mutation.
 b - the +11 quarterstaff of Chance (weapon) {freeze, rElec Int+4}
   (You found it on level 5 of the Dungeon)

   It freezes those it strikes, dealing additional cold damage.
   It can also slow down cold-blooded creatures.
   Int:       It affects your intelligence (+4).
   rElec:     It insulates you from electricity.
 F - a +2 morningstar
 R - the +5 dagger "Sota Lad" {holy, rElec rF+ SInv}
   (You took it off a gnoll on level 8 of the Dungeon)

   It has been blessed by the Shining One to cause great damage to the undead
   and demons.
   rF:        It protects you from fire.
   rElec:     It insulates you from electricity.
   SInv:      It lets you see invisible.
 W - a +0 arbalest
Missiles
 G - a throwing net
 J - 13 poisoned darts
 K - 6 javelins
Armour
 g - +0 steam dragon scales (worn)
 h - a +0 pair of gloves
 p - a +1 pair of gloves
 B - the +1 Delatra's gloves (worn) {ID++}
   (You found it on level 5 of the Dungeon)

   It heals its wearer when they drink unknown potions.
   It restores its wearer's MP when they read unknown scrolls.
Jewellery
 j - a +4 ring of evasion (left hand)
 m - a +6 ring of dexterity (right hand)
 A - an amulet of faith
 I - a ring of magical power
 O - a +6 ring of intelligence
 U - an amulet of magic regeneration
Wands
 L - a wand of roots (12)
 M - a wand of flame (5)
 N - a wand of quicksilver (5)
Scrolls
 d - 2 scrolls of teleportation
 e - a scroll of amnesia
 i - a scroll of silence
 k - 2 scrolls of immolation
 n - 8 scrolls of butterflies
 r - 3 scrolls of enchant weapon
 t - 2 scrolls of poison
 w - 3 scrolls of identify
 x - a scroll of summoning
 y - 4 scrolls of blinking
 z - a scroll of acquirement {unknown}
 H - 2 scrolls of magic mapping
 P - a scroll of fear
 Q - a scroll of vulnerability
Potions
 c - 2 potions of berserk rage {unknown}
 f - 3 potions of mutation
 l - a potion of cancellation
 o - 6 potions of heal wounds {unknown}
 q - a potion of ambrosia
 s - 2 potions of brilliance
 u - 4 potions of attraction {unknown}
 v - 2 potions of flight {unknown}
 C - 3 potions of magic {unknown}
 D - 4 potions of curing {unknown}
 E - 2 potions of resistance {unknown}
 S - 3 potions of lignification {unknown}
 T - a potion of might
 V - a potion of haste


   Skills:
 - Level 3.2 Fighting
 - Level 3.9 Axes
 - Level 10.0 Staves
 + Level 5.8 Armour
 + Level 4.1 Dodging
 + Level 0.0 Spellcasting
 * Level 4.9 Poison Magic
 - Level 18.3 Invocations


You had 6 spell levels left.
You knew the following spells:

 Your Spells              Type           Power      Damage    Failure   Level
a - Olgreb's Toxic Radia  Pois           15%        N/A       32%         4
b - Poisonous Vapours     Pois/Air       14%        N/A       14%         2

Your spell library contained the following spells:

 Spells                   Type           Power      Damage    Failure   Level
 Sting                    Tmut/Pois      28%        1d4       10%         1
 Apportation              Tloc           0%         N/A       26%         1
 Necrotise                Necr           0%         1d4       26%         1
 Summon Small Mammal      Summ           0%         N/A       26%         1
 Call Canine Familiar     Summ           0%         N/A       58%         3
 Portal Projectile        Hex/Tloc       0%         N/A       58%         3
 Corpse Rot               Necr/Pois/Air  5%         N/A       78%         4
 Cause Fear               Hex            0%         N/A       94%         4
 Dispel Undead            Necr           0%         3d6       94%         4
 Leda's Liquefaction      Hex/Erth       0%         N/A       94%         4
 Passage of Golubria      Tloc           0%         N/A       94%         4
 Silence                  Hex/Air        0%         N/A       100%        5
 Death Channel            Necr           0%         N/A       100%        6
 Dragon Form              Tmut           0%         N/A       100%        7
 Lehudib's Crystal Spear  Conj/Erth      0%         10d2      100%        8
 Chain Lightning          Conj/Air       0%         N/A       100%        9
 Dragon's Call            Summ           0%         N/A       100%        9
 Fire Storm               Conj/Fire      0%         5d1       100%        9
 Shatter                  Erth           0%         3d5*      100%        9


Dungeon Overview and Level Annotations

Branches:
Dungeon (11/15) Zot: 26437  Temple (0/1) D:7            Lair (3/5) D:10 Zot: 14461
 Shoals (0/4) Lair:2       Spider (0/4) Lair:2      Ossuary (visited)
    Orc: D:9-12

Altars:
Cheibriados
Dithmenos
Elyvilon
Fedhas
Hepliaklqana
Okawaru
Qazlal
Ru
Sif Muna
Trog
Uskayaw
Yredelemnul

Annotations:
Lair:1 exclusion: oklob plant
Lair:2 Fannar
Abyss:1 Psyche


Innate Abilities, Weirdness & Mutations

You are immune to sickness and miasma.
Your stone body is resilient. (AC +9)
You are immune to poison.
You resist negative energy. (rN+)
You are resistant to electric shocks. (rElec)
You are resistant to unholy torment.
You are immune to petrification.


Message History

Poisonous vapours surround Fannar!
Fannar is poisoned.
You start resting.
Fannar is nearby!
You thump Fannar! You freeze Fannar.
Fannar is lightly wounded.
Fannar casts a spell.
You sock Fannar!
Fannar is moderately wounded.
Fannar barely misses you.
You miss Fannar.
Fannar is moderately wounded.
Fannar mumbles some strange words.
Fannar drains the heat from the surrounding environment!
The fungus begins to die.
You closely miss Fannar.
Fannar is moderately wounded.
You hit Fannar.
Fannar is moderately wounded.
Fannar completely misses you.
You miss Fannar.
Fannar is moderately wounded.
Fannar looks more healthy.
Fannar mumbles some strange words.
Fannar drains the heat from the surrounding environment!
You bludgeon Fannar!! You freeze Fannar.
Fannar is severely wounded.
Fannar mumbles some strange words.
Fannar drains the heat from the surrounding environment!
You hit Fannar.
Fannar is severely wounded.
You hit the ice beast.
The ice beast is moderately wounded.
A nearby fungus withers and dies.
You hit the ice beast.
The ice beast is moderately wounded.
Fannar points at you and mumbles some strange words.
The bolt of cold hits the ice beast.
The ice beast completely resists.
The bolt of cold hits you!!
Ouch! That really hurt!
You die...

...........P..#..P..........#....
..###.#..........................
..# ####.........#....†.#........
..P ##.........#......#...####.
..## #...........###..##.......>
..# ##..........?........#.#.##
..## #.........e..........####
...#####..#..####Y.........##
..##.#.#...### #@..#.#.....# ###
........e.#.#####..####....####.#
..........#...##..## #.....#.##.
..#...............## #..........
...................####..........
..#............>.................
#.#...............##...#P....#.##
........#P..#...####.#...........
.......#######..# #.#...#.#.....


You could see Fannar and an ice beast (summoned).

Vanquished Creatures
  A two-headed ogre (D:8)
  Erica (Lair:2)
  Nergalle (D:10)
  Maurice (D:10)
  2 black mambas
  4 elephants
  2 torpor snails
  An orange demon (Lair:3)
  7 cane toads
  2 komodo dragons
  A troll (D:10)
  A polar bear (Lair:2)
  4 blink frogs (Lair:1)
  4 dream sheep (Lair:1)
  3 wyverns
  2 wraiths
  A basilisk (Lair:1)
  23 yaks
  2 steam dragons
  2 swamp worms (D:10)
  An acid dragon (D:5)
  5 water moccasins
  5 orc warriors
  4 sky beasts
  2 black bears
  4 ice beasts
  4 centaurs
  3 wolves (Lair:1)
  A phantom (D:5)
  2 kobold brigands (D:7)
  11 bullfrogs
  A gnoll sergeant (D:8)
  3 necrophages (D:5)
  3 scorpions
  3 water moccasin zombies (Ossuary)
  2 wights
  16 killer bees
  7 howler monkeys
  10 electric eels
  2 centaur zombies (Ossuary)
  5 orc priests
  6 hounds
  A gnoll bouda (D:8)
  7 jellies
  Jessica (D:3)
  4 iguanas
  Natasha (thrice) (D:4)
  16 orc wizards
  6 hell rats (Lair:1)
  4 ogre zombies (Ossuary)
  A mummy (Ossuary)
  10 gnolls
  8 adders
  2 shadow imps (D:7)
  2 white imps
  2 ufetubi (D:6)
  2 adder zombies (Ossuary)
  3 worms (D:2)
  3 dart slugs
  37 orcs
  6 endoplasms
  A giant cockroach (D:4)
  3 gnoll zombies (Ossuary)
  4 goblins
  8 hobgoblins
  2 jackals (D:5)
  2 kobolds
  4 quokkas
  6 ball pythons
  5 bats
  5 frilled lizards
  4 goblin zombies (Ossuary)
  4 hobgoblin zombies (Ossuary)
  An orc zombie (Ossuary)
  A quokka zombie (D:6)
  6 rats
  A rat zombie (D:6)
340 creatures vanquished.

Vanquished Creatures (others)
  20 fungi
  49 plants
69 creatures vanquished.

Grand Total: 409 creatures vanquished

Notes
Turn   | Place    | Note
-------+----------+-------------------------------------------
     0 | Abyss:1  | greynaab the Gargoyle Abyssal Knight began the quest for
                  | the Orb.
     0 | Abyss:1  | Reached XP level 1. HP: 14/14 MP: 2/2
     1 | D:1      | Escaped the Abyss
   420 | D:1      | Reached XP level 2. HP: 16/19 MP: 3/3
  1298 | D:2      | Reached XP level 3. HP: 19/23 MP: 4/4
  1579 | D:2      | Reached *** piety under Lugonu
  1706 | D:2      | Reached XP level 4. HP: 15/28 MP: 5/5
  1944 | D:2      | Found a faded altar of an unknown god.
  2100 | D:2      | Found the +7 lajatang of Order {silver, rMut}
  2251 | D:3      | Found a white marble altar of Elyvilon.
  2251 | D:3      | Found a shadowy altar of Dithmenos.
  2259 | D:3      | Found a snail-covered altar of Cheibriados.
  2261 | D:3      | Found a basalt altar of Yredelemnul.
  2263 | D:3      | Found a hide-covered altar of Uskayaw.
  2396 | D:3      | Noticed Jessica
  2406 | D:3      | Killed Jessica
  2407 | D:3      | Reached skill level 1 in Staves
  2464 | D:3      | Got Jessica's Quarto of Elsewhere
  2543 | D:3      | Reached XP level 5. HP: 30/32 MP: 6/6
  3094 | D:4      | Noticed Natasha
  3099 | D:4      | Reached XP level 6. HP: 23/37 MP: 7/7
  3103 | D:4      | Killed Natasha
  3181 | D:4      | Noticed Natasha
  3187 | D:4      | Killed Natasha
  3261 | D:4      | Noticed Natasha
  3267 | D:4      | Killed Natasha
  3369 | D:4      | Noticed a sky beast
  3384 | D:4      | Killed a sky beast
  3385 | D:4      | Reached skill level 5 in Staves
  3507 | D:4      | Reached XP level 7. HP: 35/41 MP: 8/8
  3884 | D:5      | Entered Level 5 of the Dungeon
  3956 | D:5      | Reached skill level 3 in Invocations
  4174 | D:5      | Reached **** piety under Lugonu
  4201 | D:5      | Reached XP level 8. HP: 21/46 MP: 10/10
  4209 | D:5      | Reached skill level 4 in Invocations
  4407 | D:5      | Identified the +11 quarterstaff of Chance {freeze, rElec
                  | Int+4}
  4457 | D:5      | Reached skill level 5 in Invocations
  4457 | D:5      | Found the +1 Delatra's gloves {ID++}
  4775 | D:5      | Reached skill level 6 in Invocations
  5238 | D:6      | Reached XP level 9. HP: 51/51 MP: 13/13
  5295 | D:6      | Found a sand-covered staircase.
  5313 | Ossuary  | Entered an ossuary
  5319 | Ossuary  | Reached ***** piety under Lugonu
  5384 | Ossuary  | Reached skill level 7 in Invocations
  5507 | Ossuary  | Noticed a silent spectre
  5562 | D:6      | Found a blossoming altar of Fedhas.
  5736 | D:6      | Reached skill level 8 in Invocations
  6343 | D:6      | Found a hazy altar of Hepliaklqana.
  6456 | D:6      | Reached skill level 10 in Staves
  6543 | D:6      | Reached skill level 9 in Invocations
  6934 | D:7      | Reached XP level 10. HP: 27/56 MP: 17/17
  7109 | D:7      | Reached skill level 10 in Invocations
  7325 | D:7      | Found a staircase to the Ecumenical Temple.
  7472 | D:7      | Reached skill level 11 in Invocations
  7693 | D:8      | Found a sacrificial altar of Ru.
  7729 | D:8      | Noticed a two-headed ogre
  7749 | D:8      | Killed a two-headed ogre
  7750 | D:8      | Reached skill level 12 in Invocations
  8423 | D:8      | Identified the +5 dagger "Sota Lad" {holy, rElec rF+ SInv}
  8503 | D:8      | Found an iron altar of Okawaru.
  8612 | D:8      | Found a bloodstained altar of Trog.
  8631 | D:8      | Found a stormy altar of Qazlal.
  8966 | D:9      | Reached skill level 13 in Invocations
  9262 | D:9      | Reached XP level 11. HP: 60/60 MP: 21/21
  9341 | D:9      | Found a shimmering blue altar of Sif Muna.
  9661 | D:10     | Entered Level 10 of the Dungeon
  9767 | D:10     | Reached skill level 14 in Invocations
  9769 | D:10     | Noticed a two-headed ogre
  9771 | D:10     | Banished a two-headed ogre
  9846 | D:10     | Noticed Psyche
  9882 | D:10     | Banished Psyche
  9988 | D:10     | Noticed Nergalle
 10005 | D:10     | Killed Nergalle
 10056 | D:10     | Reached skill level 15 in Invocations
 10252 | D:10     | Found a staircase to the Lair.
 10470 | D:10     | Noticed Maurice
 10483 | D:10     | Killed Maurice
 10562 | D:10     | Noticed a cyclops
 10563 | D:10     | Banished a cyclops
 10564 | D:10     | Reached skill level 16 in Invocations
 11319 | Lair:1   | Entered Level 1 of the Lair of Beasts
 11323 | Lair:1   | Noticed a four-headed hydra
 11339 | Lair:1   | Banished a four-headed hydra
 11354 | Lair:1   | Reached XP level 12. HP: 37/64 MP: 13/24
 11370 | Lair:1   | Reached skill level 17 in Invocations
 12115 | Lair:1   | Reached skill level 18 in Invocations
 12550 | Lair:1   | Identified the +0 robe "Sutuseim" {rPois Int+3 Stlth+}
 12718 | Lair:1   | Found a basalt altar of Yredelemnul.
 12743 | Lair:1   | Reached skill level 1 in Dodging
 13010 | Lair:2   | Noticed Erica
 13018 | Lair:2   | Killed Erica
 13141 | Lair:2   | Found a staircase to the Shoals.
 13158 | Lair:2   | Noticed Fannar
 13395 | Lair:2   | Found a hole to the Spider Nest.
 13616 | Lair:2   | Learned a level 4 spell: Olgreb's Toxic Radiance
 13619 | Lair:2   | Learned a level 2 spell: Poisonous Vapours
 13650 | Lair:2   | Reached skill level 1 in Poison Magic
 13958 | Lair:1   | Reached skill level 5 in Armour
 14140 | Lair:3   | Reached XP level 13. HP: 68/68 MP: 26/26
 14896 | Lair:2   | Killed from afar by Fannar

Illustrated notes

Levels and vault maps discovered:
D:1:      minmay_arrival_floating_metal, layout_rooms
D:2:      layout_rooms, hellmonk_ecumenical_altar_heavens_door,
          minmay_randomly_rotated_circles
D:3:      layout_rooms, chequers_temple_overflow_minitemple, chequers_big_river,
          kennysheep_jessica_study
D:4:      layout_cave_pools, hangedman_decor_slide_cut, uniq_natasha
D:5:      layout_rooms, kennysheep_cross_bottleneck, pf_guarded_unrand_delatra
D:6:      cheibrodos_barr_body, layout_gridville, mainiacjoe_overflow_alcove_2,
          fedhas_altar_2, enter_ossuary_4
D:7:      minmay_bubble_buster, layout_rooms, minmay_temple_entry_poolview
D:8:      layout_cave_pools, bloody_trog, general_overflow_altar,
          grunt_temple_overflow_open, serial_bayou, serial_bayou_pond_d,
          serial_bayou_crossing, serial_bayou_pond_d, serial_bayou_lake_a
D:9:      layout_basic, mainiacjoe_overflow_alcove_1, serial_curves,
          eino_curves_01, eino_curves_01
D:10:     layout_basic, erik_lair_dragon, worms_lemuel, uniq_psyche,
          uniq_nergalle, uniq_maurice
D:11:     layout_irregular_city, serial_column_ruins, column_ruins_hut_pillars,
          column_ruins_grid_1, column_ruins_columns_straight,
          column_ruins_open_tiny_water, kennysheep_orc_sif_temple
Lair:1:   layout_gridlike, basic_altar, chequers_serial_rivers_small_3,
          serial_bayou_pond_e, minmay_lair_oklob_bushes, grunt_megastairs_5
Lair:2:   layout_chaotic_city, minmay_shoals_entry_centaurs, dummy_spider_entry,
          uniq_erica, uniq_fannar
Lair:3:   layout_small_grid, nicolae_lair_lakeside_cave, uniq_amaemon

Skill      XL: |  1  2  3  4  5  6  7  8  9 10 11 12 13 |
---------------+----------------------------------------+-----
Axes           | 2 3 |  3.9
Staves         | 2 3 5 7 8 10 | 10.0
Invocations    | 3 6 9 13 16 18 | 18.3
Dodging        | 3 4 |  4.1
Armour         | 5 |  5.8
Poison Magic   | 3 4 |  4.9
Fighting       | |  3.2

Action                   |  1- 3 |  4- 6 |  7- 9 | 10-12 | 13-15 || total
-------------------------+-------+-------+-------+-------+-------++-------
Melee: Hand axe          |   113 |    15 |       |       |       ||   128
       Lajatang          |       |    72 |   192 |   150 |       ||   414
       Quarterstaff      |       |       |    45 |   364 |    69 ||   478
Throw: Dart              |       |       |       |     1 |     1 ||     2
       Javelin           |       |       |       |     1 |       ||     1
 Cast: Poisonous Vapours |       |       |       |       |     2 ||     2
Invok: Banish            |       |       |       |    22 |     1 ||    23
Evoke: Wand              |       |       |       |     9 |       ||     9
  Use: Scroll            |       |     8 |     6 |     3 |     3 ||    20
       Potion            |       |       |     2 |       |       ||     2
 Stab: Sleeping          |       |       |     1 |       |       ||     1
Armor: Leather armour    |    29 |    26 |    73 |       |       ||   128
       Chain mail        |       |       |     9 |   107 |       ||   116
       Steam dragon scal |       |       |       |   103 |    21 ||   124
Dodge: Dodged            |    68 |    63 |   165 |   302 |    46 ||   644
